Map: Ultralove

Players

ManlyManMeat - Winner!

  • Race: Zerg Zerg
  • League: Diamond
  • Spawn Location: 1:00

Scar

  • Race: Terran Terran
  • League: Diamond
  • Spawn Location: 7:00

VOD

Have the link to the VOD?

Description

Time

  • Played on: June 23, 2025, 8:21 a.m.
  • Length: 11:46
Show
View Real Time Build Order
Export as new Build Order

ManlyManMeat Zerg - Winner!

Build Orders: Hatch First 

Get SALT Encoding   

  12  0:00  Drone  
  13  0:09  Drone  
  14  0:15  Extractor  
  14  0:16  Drone  
  15  0:22  Overlord  
  15  0:41  Drone  
  16  0:47  Hatchery  
  15  0:51  Drone  
  15  0:55  Drone  
  17  1:00  Drone  
  18  1:11  Extractor  
  17  1:16  Spawning Pool  
  16  1:19  Drone  
  17  1:27  Drone  
  18  1:46  Drone  
  19  2:02  Queen x2  
  19  2:03  Zergling x2  
  19  2:04  Zergling x2  
  25  2:09  Spine Crawler  
  24  2:16  Drone x2  
  24  2:17  Spine Crawler  
  24  2:20  Zergling x2  
  26  2:29  Zergling x4  
  26  2:49  Drone  
  26  2:50  Drone  
  26  2:58  Drone  
  27  3:24  Zergling x4  
  27  3:31  Drone, Overlord  
  27  3:32  Overlord x2  
  28  3:46  Overlord x2  
  26  3:56  Drone x2  
  28  4:07  Zergling x8  
  32  4:22  Drone x2  
  34  4:32  Queen  
  34  4:33  Queen  
  34  4:35  Zergling x12  
  34  4:36  Zergling x2  
  45  4:41  Spine Crawler  
  45  4:42  Drone  
  45  5:04  Hatchery  
  45  5:05  Metabolic Boost  
  44  5:11  Baneling Nest  
  43  5:20  Evolution Chamber  
  43  5:21  Drone x2, Evolution Chamber  
  44  5:22  Drone x3  
  44  5:23  Drone x3  
  49  5:50  Drone x2  
  49  5:52  Lair  
  45  5:57  Zergling x8  
  45  6:02  Drone x4  
  45  6:03  Drone  
  53  6:10  Extractor  
  51  6:22  Zerg Melee Weapons Level 1  
  51  6:29  Baneling x2  
  51  6:33  Drone x2, Extractor  
  51  6:34  Drone  
  51  6:35  Drone x5  
  51  6:36  Drone  
  59  6:52  Zergling x8  
  59  6:54  Baneling x4  
  61  6:57  Zergling x6  
  61  6:58  Zergling x2  
  65  7:01  Overlord x2  
  65  7:02  Overlord  
  64  7:14  Centrifugal Hooks  
  51  7:32  Zergling x2  
  51  7:33  Zergling x12  
  56  7:43  Spine Crawler  
  55  7:45  Zergling x4  
  55  7:47  Zergling x2  
  55  7:51  Baneling x5  
  58  8:00  Zerg Ground Armor Level 1  
  58  8:01  Zergling x8  
  61  8:14  Hatchery  
  61  8:15  Hatchery  
  61  8:19  Zergling x8  
  54  8:27  Zergling x8  
  54  8:47  Roach Warren, Zerg Missile Weapons Level 1  
  53  8:51  Zergling x14  
  53  8:54  Baneling x4  
  53  8:55  Baneling x3  
  60  8:56  Baneling x2  
  60  9:07  Zergling x10  
  65  9:25  Zergling x14  
  72  9:34  Drone x3  
  70  9:54  Zergling x18  
  70  9:56  Baneling  
  70  9:57  Baneling x12  
  70  9:59  Roach x2  
  85  10:00  Roach x2  
  85  10:01  Queen  
  85  10:02  Queen  
  89  10:08  Zergling x6  
  92  10:18  Spore Crawler  
  92  10:20  Spore Crawler  
  84  10:31  Zergling x2  
  84  10:32  Zergling x18  
  84  10:46  Zergling x16  
  90  10:53  Drone x2  
  90  10:54  Drone  
  92  11:07  Overlord, Roach x2  
  92  11:08  Overlord  
  87  11:22  Drone x7, Hydralisk Den  
Show
View Real Time Build Order
Export as new Build Order

Scar Terran 

Build Orders:  

Get SALT Encoding   

  12  0:00  SCV  
  13  0:12  SCV  
  14  0:22  Supply Depot  
  14  0:27  SCV  
  15  0:46  Barracks  
  15  0:52  Barracks  
  15  1:01  SCV  
  15  1:02  Refinery  
  16  1:14  SCV  
  16  1:15  Supply Depot  
  17  1:26  SCV  
  18  1:43  Marine  
  18  1:44  Orbital Command  
  18  1:45  Marine  
  20  2:00  Marine  
  21  2:03  Marine  
  21  2:08  Bunker  
  22  2:11  Bunker  
  22  2:18  Marine  
  22  2:21  Marine  
  23  2:36  Marine  
  23  2:39  Marine  
  24  2:54  Marine  
  24  2:56  Marine  
  26  2:59  SCV  
  26  3:01  Refinery, Factory  
  26  3:03  Supply Depot  
  27  3:11  SCV  
  28  3:25  Marine x2, SCV  
  30  3:37  SCV  
  31  3:43  Marine x2  
  33  3:49  SCV  
  31  3:59  Command Center  
  31  4:01  SCV  
  31  4:04  Factory Reactor  
  30  4:13  SCV  
  31  4:24  Factory  
  31  4:25  SCV  
  32  4:37  SCV  
  33  4:41  Starport  
  33  4:49  SCV  
  33  4:51  Hellion x2  
  38  5:02  SCV  
  39  5:08  Factory Tech Lab  
  39  5:12  Orbital Command, Armory  
  39  5:14  SCV  
  40  5:21  Medivac  
  40  5:25  Hellion x2  
  40  5:26  SCV  
  47  5:35  Infernal Pre-Igniter  
  47  5:37  Cyclone, Orbital Command  
  50  5:49  Engineering Bay  
  50  5:51  Hellion x2  
  54  6:18  Hellion x2, SCV x2  
  60  6:23  Medivac  
  62  6:28  Supply Depot  
  62  6:31  Supply Depot  
  62  6:50  Cyclone, SCV  
  66  6:57  Command Center  
  66  6:59  Hellion  
  66  7:00  Hellion  
  70  7:12  SCV  
  70  7:13  SCV  
  52  7:43  SCV x2  
  53  7:45  Hellion  
  53  7:46  Hellion x2  
  53  7:50  Refinery x2  
  59  7:53  Supply Depot  
  59  8:04  Bunker  
  59  8:13  Terran Vehicle Weapons Level 1  
  53  8:35  SCV  
  53  8:36  SCV x2  
  56  8:46  Supply Depot  
  56  8:49  SCV  
  56  8:54  Factory  
  56  8:55  SCV  
  58  8:56  Factory  
  58  8:57  Missile Turret  
  58  8:58  Factory  
  58  9:02  SCV x2  
  60  9:04  Widow Mine x3  
  60  9:05  Drilling Claws  
  66  9:14  Marine  
  66  9:16  Supply Depot  
  67  9:17  Missile Turret  
  67  9:18  Missile Turret  
  67  9:22  Liberator  
  70  9:26  SCV  
  70  9:28  SCV  
  72  9:33  SCV  
  73  9:39  Missile Turret  
  73  9:40  Missile Turret, Supply Depot  
  73  9:43  Widow Mine x3  
  73  9:59  Missile Turret  
  73  10:00  Widow Mine  
  73  10:01  Widow Mine x2  
  73  10:02  Missile Turret  
  73  10:04  Widow Mine  
  81  10:19  Factory Tech Lab  
  81  10:22  Factory Tech Lab x2  
  68  10:33  Cyclone  
  55  10:43  SCV  
  46  10:52  Cyclone x2  
  46  10:53  Hellion x2  
  46  10:54  SCV  
  46  11:02  SCV  
  35  11:05  Cyclone  
  35  11:06  SCV  
  32  11:14  SCV  
Tags
 
Matchup
TvZ
Replay Pack
Myownreplay2
Spawn Locations
Cross Positions
Add a new tag
Caveats
  • Supply blocks, unpowered buildings, or Contaminate may cause inaccurate times.
  • Supply counts are checked every 10 seconds.